 Dungeon Crawl Stone Soup version 0.27.1-4-g1640c2035a (webtiles) character file.

Game seed: 5823612953009133097

4046 raph the Cleaver (level 10, 0/135 HPs)
             Began as a Minotaur Berserker on Nov 5, 2021.
             Was a Priest of Trog.
             Slain by a 16-headed hydra (12 damage)
             ... on level 8 of the Dungeon.
             The game lasted 00:15:32 (12313 turns).

raph the Cleaver (Minotaur Berserker)              Turns: 12313, Time: 00:15:32

Health: 0/135      AC: 16    Str: 21    XL:     10   Next: 4%
Magic:  9/9        EV:  7    Int:  4    God:    Trog [***...]
Gold:   104        SH:  0    Dex: 14    Spells: 9/9 levels left

rFire    . . .     SeeInvis .   a - +0 war axe
rCold    . . .     Faith    .   (no shield)
rNeg     . . .     Spirit   .   C - +0 plate armour
rPois    .         Reflect  .   (helmet restricted)
rElec    .         Harm     .   g - +1 cloak
rCorr    .         Rampage  .   (no gloves)
Will     .....                  (no boots)
Stlth    ..........             (no amulet)
HPRegen  0.32/turn              (no ring)
MPRegen  0.11/turn              (no ring)

@: berserking (expiring), very quick
A: horns 2, retaliatory headbutt
a: Renounce Religion, Berserk, Trog's Hand


You were on level 8 of the Dungeon.
You worshipped Trog.
Trog was most pleased with you.
You visited 2 branches of the dungeon, and saw 10 of its levels.

You collected 394 gold pieces.
You spent 290 gold pieces at shops.

Inventory:

Hand Weapons
 a - a +0 war axe (weapon)
 b - a +0 longbow of flaming
 B - a +1 hand axe
 E - a +0 shortbow
Missiles
 c - 95 poisoned darts (quivered)
 t - 107 arrows
 u - 2 throwing nets
Armour
 g - a +1 cloak (worn)
 j - a +1 ring mail
 k - a +0 chain mail
 r - a +0 kite shield
 C - a +0 plate armour (worn)
Jewellery
 D - a ring of protection from fire
Wands
 f - a wand of polymorph (5)
 i - a wand of iceblast (14)
 w - a wand of acid (8)
 x - a wand of charming (9)
Scrolls
 e - 3 scrolls of enchant weapon
 h - 3 scrolls of immolation
 q - 6 scrolls of identify
 y - a scroll of fog
Potions
 d - a potion of haste
 l - a potion of ambrosia
 m - a potion of attraction
 o - a potion of might
 p - 3 potions of curing
 v - 2 potions of mutation
 z - 2 potions of brilliance {unknown}


   Skills:
 + Level 8.9 Fighting
 + Level 13.1 Axes
 * Level 0.0 Bows
 + Level 8.4 Armour
 - Level 2.1 Dodging


You had 9 spell levels left.
You didn't know any spells.
Your spell library was empty.

Dungeon Overview and Level Annotations

Branches:
Dungeon (9/15)             Temple (0/1) D:6            Lair (1/6) D:8
    Orc: D:9-12

Altars:
Ashenzari
Cheibriados
Hepliaklqana
Kikubaaqudgha
Makhleb
Qazlal
Uskayaw
Wu Jian
Zin

Shops:
D:2 *:!!   D:5 (   D:8 *

Annotations:
D:9 2 transporters


Innate Abilities, Weirdness & Mutations

You have a pair of horns on your head.
You reflexively headbutt those who attack you in melee.


Message History

You slice one of the 13-headed hydra's heads off!
The 12-headed hydra grows two more!
You slice the 14-headed hydra!!
The 14-headed hydra is severely wounded.
You chop one of the 14-headed hydra's heads off!
The 13-headed hydra grows two more!
You slash the 15-headed hydra!
The 15-headed hydra is severely wounded.
The 15-headed hydra bites you but does no damage.
The 15-headed hydra bites you! x2
The 15-headed hydra bites you but does no damage.
The 15-headed hydra bites you.
The 15-headed hydra bites you but does no damage.
The 15-headed hydra bites you!
* * * LOW HITPOINT WARNING * * *
The 15-headed hydra bites you but does no damage.
The 15-headed hydra barely misses you.
The 15-headed hydra bites you but does no damage. x2
The 15-headed hydra closely misses you. The 15-headed hydra bites you!
* * * LOW HITPOINT WARNING * * *
The 15-headed hydra bites you!
* * * LOW HITPOINT WARNING * * *
The 15-headed hydra bites you!
* * * LOW HITPOINT WARNING * * *
You are too injured to fight recklessly!
You are too injured to fight recklessly!
You are too injured to fight recklessly!
You are too injured to fight recklessly!
You are too injured to fight recklessly!
You are too injured to fight recklessly!
You are too injured to fight recklessly!
You are too injured to fight recklessly!
You chop one of the 15-headed hydra's heads off!
The 14-headed hydra grows two more!
You slash the 16-headed hydra! You headbutt the 16-headed hydra!!
The 16-headed hydra is almost dead.
The 16-headed hydra barely misses you. You furiously retaliate!
You headbutt the 16-headed hydra! The 16-headed hydra bites you.
* * * LOW HITPOINT WARNING * * *
The 16-headed hydra bites you but does no damage.
The 16-headed hydra bites you!
You die...

#.# #..#.#.#.#.##.# #.#
##.#.#.#.#.##.#
###########.#####.#.#.#......#
.......................>..####
###########.......####.####
######.......# #..####.# #...#
#.# ############# #@#.###.#
..........[.# #D#..##.#
............####.##.##.#
#######.......##.##..#.#
.....#...P.......###.#.#
#.#.##...............#.#
))#............♣..#....####
#.##..............#.#.....#
.).'............♣...#..#.##


You could see a 16-headed hydra.

Vanquished Creatures
  Grinder (D:4)
  5 yaks
  4 wyverns
  2 steam dragons
  2 water moccasins (D:8)
  2 ice beasts
  A black bear (D:6)
  An orc warrior (D:8)
  2 necrophages
  2 centaurs
  A phantom (D:7)
  2 kobold brigands
  2 bullfrogs (D:7)
  3 scorpions
  A bullfrog zombie (D:6)
  A lava snake (D:7)
  A centaur zombie (D:5)
  A hound (D:5)
  A jelly (D:6)
  3 orc priests
  Crazy Yiuf (D:4)
  5 bullfrog skeletons
  An iguana (D:3)
  An iron imp (D:8)
  7 orc wizards
  A hound skeleton (D:4)
  A gnoll (D:1)
  8 adders
  4 white imps
  An ufetubus (D:6)
  A worm (D:2)
  5 dart slugs
  25 orcs
  5 ball pythons
  4 bats
  2 bat zombies (D:4)
  6 endoplasms
  2 giant cockroaches
  14 goblins
  6 hobgoblins
  22 kobolds
  3 frilled lizards
  3 rats
  A rat zombie (D:4)
167 creatures vanquished.

Vanquished Creatures (others)
  3 bushes (D:8)
  9 fungi
  22 plants
34 creatures vanquished.

Grand Total: 201 creatures vanquished

Notes
Turn   | Place    | Note
-------+----------+-------------------------------------------
     0 | D:1      | raph the Minotaur Berserker began the quest for the Orb.
     0 | D:1      | Reached XP level 1. HP: 19/19 MP: 0/0
   192 | D:1      | Reached skill level 4 in Axes
   348 | D:1      | Reached XP level 2. HP: 25/26 MP: 1/1
   610 | D:1      | Reached skill level 5 in Axes
   610 | D:1      | Reached XP level 3. HP: 27/31 MP: 2/2
  1267 | D:2      | Reached ** piety under Trog
  1822 | D:2      | Reached skill level 6 in Axes
  1822 | D:2      | Reached XP level 4. HP: 39/39 MP: 3/3
  1863 | D:2      | Found a faded altar of an unknown god.
  1893 | D:2      | Identified the +5 trident of Courage {vorpal, Fly}
  1996 | D:2      | Found Zubomur's Distillery.
  2152 | D:2      | Found Kuut's Book Boutique.
  2167 | D:2      | Found Waugem's Distillery.
  2178 | D:2      | Bought a potion of heal wounds for 55 gold pieces
  2342 | D:2      | Found Peckiudd's Assorted Antiques.
  3165 | D:3      | Reached XP level 5. HP: 35/45 MP: 4/4
  3637 | D:3      | Reached skill level 7 in Axes
  4009 | D:3      | Found a hazy altar of Hepliaklqana.
  4523 | D:4      | Noticed Grinder
  4534 | D:4      | Paralysed by Grinder for 7 turns
  4545 | D:4      | Killed Grinder
  4545 | D:4      | Reached *** piety under Trog
  4546 | D:4      | Reached skill level 8 in Axes
  4546 | D:4      | Reached XP level 6. HP: 22/53 MP: 5/5
  5000 | D:4      | Found a runed translucent door.
  5001 | D:4      | Noticed Crazy Yiuf
  5014 | D:4      | Killed Crazy Yiuf
  5487 | D:2      | Bought a fuming ruby potion for 27 gold pieces
  5509 | D:2      | Bought a potion of might for 44 gold pieces
  5509 | D:2      | Bought a potion of curing for 33 gold pieces
  5701 | D:4      | Found an ancient bone altar of Kikubaaqudgha.
  5919 | D:5      | Entered Level 5 of the Dungeon
  5924 | D:5      | Identified the +5 leather armour "Seepn" {Fly}
  6012 | D:5      | Noticed an ice beast
  6018 | D:5      | Killed an ice beast
  6019 | D:5      | Reached XP level 7. HP: 60/60 MP: 6/6
  6272 | D:5      | Reached skill level 5 in Fighting
  6272 | D:5      | Reached skill level 9 in Axes
  6473 | D:5      | Found a stormy altar of Qazlal.
  6570 | D:5      | Found a broken altar of Ashenzari.
  6857 | D:5      | Found Measy's Weapon Shop.
  7233 | D:6      | Found a staircase to the Ecumenical Temple.
  7245 | D:6      | Reached skill level 5 in Armour
  7245 | D:6      | Reached XP level 8. HP: 70/70 MP: 7/7
  7279 | D:6      | Found an ornate altar of the Wu Jian Council.
  7299 | D:6      | Reached skill level 10 in Axes
  7651 | D:6      | Found a sand-covered staircase.
  8626 | D:7      | Reached skill level 11 in Axes
  9225 | D:7      | Found a hide-covered altar of Uskayaw.
  9524 | D:7      | Reached XP level 9. HP: 77/79 MP: 8/8
 10191 | D:8      | Found a burning altar of Makhleb.
 10196 | D:8      | Found a glowing silver altar of Zin.
 10196 | D:8      | Noticed an Executioner
 10196 | D:8      | Noticed an angel
 10212 | D:8      | Found a snail-covered altar of Cheibriados.
 10264 | D:8      | Found Lor Lej's General Store.
 10336 | D:5      | Bought a +0 longbow of flaming for 131 gold pieces
 10508 | D:8      | Found a staircase to the Lair.
 10528 | D:8      | Reached skill level 12 in Axes
 11119 | D:8      | Reached skill level 13 in Axes
 11434 | Lair:1   | Entered Level 1 of the Lair of Beasts
 11434 | Lair:1   | Noticed an eight-headed hydra
 11455 | D:9      | Found a transporter.
 11458 | D:9      | Reached XP level 10. HP: 27/90 MP: 9/9
 11461 | D:9      | Reached **** piety under Trog
 11808 | D:9      | Found a transporter.
 11821 | D:9      | Noticed a cyclops
 11822 | D:9      | Noticed a six-headed hydra
 11822 | D:9      | Noticed a five-headed hydra
 11822 | D:9      | Noticed a centaur warrior
 12313 | D:8      | Slain by a 16-headed hydra

Illustrated notes

Levels and vault maps discovered:
D:1:      onia_arrival_pentagram, layout_loops_ring, minivault_5
D:2:      layout_basic, serial_shops, shop_fountains, nicolae_shop_crystal,
          nicolae_shop_behind_doors, shop, hellmonk_ecumenical_altar_lost_god,
          grunt_decor_arrowhead
D:3:      layout_basic, nzn_hepliaklqana_mist_gate
D:4:      layout_loops_corners, lemuel_zombie_altar_kikubaaqudgha,
          chequers_big_river, uniq_crazy_yiuf_cottage, uniq_grinder
D:5:      layout_basic, mainiacjoe_overflow_large_starburst, serial_shops, shop,
          minivault_11
D:6:      layout_gridville, mainiacjoe_overflow_cross_hatched,
          minmay_temple_entry_grid, lightli_ossuary_entry_decrepit_ruins
D:7:      layout_rooms, nicolae_uskayaw_suspiria
D:8:      layout_basic, grunt_temple_overflow_order_and_chaos_2, slow_altar_2,
          minmay_lair_entry_grove, serial_shops, shop
D:9:      gammafunk_cloud_chamber, layout_stronghold, minivault_28, uniq_maggie,
          uniq_harold, uniq_gastronok
Lair:1:   layout_regular_city, gauntlet_entry_generic, lemuel_fruit_tree

Skill      XL: |  1  2  3  4  5  6  7  8  9 |
---------------+----------------------------+-----
Axes           | 4 5 6 8 9 11 13 | 13.1
Fighting       | 4 5 7 8 |  8.9
Armour         | 3 4 5 6 8 |  8.4
Dodging        | |  2.1

Action                   |  1- 3 |  4- 6 |  7- 9 | 10-12 || total
-------------------------+-------+-------+-------+-------++-------
Melee: Hand axe          |    58 |   122 |   170 |       ||   350
       Headbutt          |     8 |    15 |    64 |     2 ||    89
       Unarmed           |       |     5 |       |       ||     5
       War axe           |       |       |   104 |     8 ||   112
 Fire: Shortbow          |       |       |    30 |       ||    30
       Longbow           |       |       |     8 |    13 ||    21
Invok: Berserk           |     1 |     5 |     6 |     1 ||    13
       Trog's Hand       |       |       |     2 |     1 ||     3
Evoke: Wand              |       |       |       |     3 ||     3
  Use: Scroll            |       |    14 |     3 |     1 ||    18
       Potion            |       |       |       |     1 ||     1
Armor: Animal skin       |     7 |       |       |       ||     7
       Ring mail         |     1 |    22 |       |       ||    23
       Chain mail        |       |    11 |   128 |       ||   139
       Plate armour      |       |       |    55 |    49 ||   104
Dodge: Dodged            |    41 |    50 |    94 |    18 ||   203
